AoeStats
← [GDL] Maldito Pantoja

Nomad

508761718Analyzed
4v4 RM · 9d ago on Sep 23, 2026· 52m 54s· 8 players
Game mode
Random Map
Map size
231×231
Population
200
Speed
Normal
Resources
Standard
Victory
Conquest
Starting age
Dark Age
Ending age
Imperial Age
RankedLock teamsTeams togetherTeam positionsShared explorationLock speedFull tech treeHidden civsTurbo modeCheats
Victory
Defeat
🇲🇽 Vietnamese · Mexico
1384
+10
🇦🇷 Spanish · Argentina
1347
+12
🇪🇸 Persians · Spain
1337
+12
🇺🇸 Varangians · United States
1308
+14
🇲🇽 Danes · Mexico
1373
-16
🇺🇸 Persians · United States
1234
-11
🇲🇽 Huns · Mexico
1224
-11
🇨🇿 Goths · Czechia
1189
-10
Dusk_
3:49 Loom
13:05 Feudal Age
13:33 Double-Bit Axe
17:41 Castle Age
16:10 Fishing Lines
16:39 Fletching
18:34 Bow Saw
18:25 Bodkin Arrow
23:57 Ballistics
25:17 Wheelbarrow
26:35 Scale Barding Armor
26:40 Forging
28:37 Hand Cart
28:05 Horse Collar
30:58 Vendel Legacy
31:57 Gold Mining
35:30 Imperial Age
33:45 Chain Barding Armor
34:40 Bloodlines
34:30 Husbandry
35:36 Iron Casting
35:18 Heavy Plow
36:10 Town Watch
37:25 Plate Barding Armor
37:33 Cavalier
40:47 Conscription
42:53 Blast Furnace
ralcaz
5:38 Loom
13:37 Feudal Age
18:30 Castle Age
16:58 Double-Bit Axe
19:50 Bow Saw
32:32 Padded Archer Armor
33:38 Husbandry
34:18 Wheelbarrow
33:30 Town Watch
34:40 Leather Archer Armor
35:43 Gold Mining
35:44 Stone Mining
37:55 Bloodlines
40:34 Imperial Age
38:20 Hand Cart
39:02 Fletching
42:02 Conscription
42:20 Elite Conquistador
43:31 Ring Archer Armor
43:11 Elite Conquistador
48:38 Scale Barding Armor
48:44 Forging
49:57 Chain Barding Armor
48:58 Cavalier
50:18 Horse Collar
51:55 Plate Barding Armor
51:57 Iron Casting
51:37 Bodkin Arrow
51:49 Paladin
54:02 Iron Casting
OM | Massiosare
4:55 Loom
13:20 Feudal Age
19:07 Castle Age
17:39 Fletching
17:50 Padded Archer Armor
18:00 Stone Mining
19:02 Gold Mining
19:01 Double-Bit Axe
19:27 Fishing Lines
31:33 Leather Archer Armor
32:10 Gillnets
35:35 Imperial Age
33:39 Bodkin Arrow
34:05 Ballistics
35:07 Fortified Wall
36:31 Bracer
41:08 Paper Money
43:40 Ring Archer Armor
44:18 Chemistry
Rosa Luxemburg
5:13 Loom
12:20 Feudal Age
15:28 Double-Bit Axe
21:39 Castle Age
21:32 Bloodlines
21:29 Scale Barding Armor
21:21 Gold Mining
29:57 Bow Saw
33:56 Husbandry
34:21 Horse Collar
38:43 Chain Barding Armor
41:53 Imperial Age
40:07 Forging
43:00 Plate Barding Armor
41:48 Cavalier
45:44 Conscription
48:57 Iron Casting
skeletor
4:21 Loom
14:02 Feudal Age
17:57 Castle Age
16:12 Horse Collar
16:47 Double-Bit Axe
33:45 Wheelbarrow
38:02 Imperial Age
36:07 Bloodlines
37:19 Hand Cart
37:15 Husbandry
38:24 Bow Saw
37:47 Cavalier
39:28 Heavy Plow
39:41 Scale Barding Armor
39:43 Gold Mining
40:52 Chain Barding Armor
41:24 Savar
42:39 Forging
43:44 Plate Barding Armor
44:26 Iron Casting
47:12 Blast Furnace
47:25 Conscription
48:29 Gold Shaft Mining
Smooky
7:14 Loom
14:25 Feudal Age
14:59 Double-Bit Axe
16:20 Horse Collar
18:55 Castle Age
17:52 Stone Mining
18:48 Gold Mining
22:55 Bow Saw
25:28 Forging
27:42 Squires
31:26 Anarchy
32:50 Wheelbarrow
33:33 Pikeman
35:40 Heavy Plow
38:45 Scale Mail Armor
39:34 Elite Skirmisher
:) YO30830
5:14 Loom
12:48 Feudal Age
15:38 Double-Bit Axe
16:36 Fishing Lines
21:21 Castle Age
22:00 Gillnets
22:33 Medium Warships
22:55 Fletching
23:47 Bow Saw
24:38 Bodkin Arrow
27:22 Gambesons
29:25 Ballistics
29:11 Pikeman
29:52 Squires
31:01 Forging
30:57 Scale Barding Armor
32:13 Gold Mining
32:14 Stone Mining
34:18 Horse Collar
35:47 Arson
38:45 Wheelbarrow
39:06 Scale Mail Armor
[GDL] Maldito Pantoja
3:57 Loom
14:03 Feudal Age
15:35 Double-Bit Axe
17:59 Gold Mining
18:19 Horse Collar
22:34 Castle Age
21:24 Fletching
21:34 Padded Archer Armor
23:29 Bow Saw
25:27 Wheelbarrow
31:14 Heavy Plow
31:53 Gold Shaft Mining
32:58 Bodkin Arrow
34:29 Leather Archer Armor
38:21 Imperial Age
36:55 Ballistics
37:43 Husbandry
38:02 Bloodlines
38:00 Thumb Ring
39:45 Parthian Tactics
39:25 Bracer
41:03 Chemistry
41:09 Conscription
42:00 Atheism
41:20 Heavy Cavalry Archer
50:46 Hand Cart
50:17 Town Watch
Connection lost

Rejoining the realm…

Still unreachable

The connection could not be restored.

Session expired

The server has moved on; the page needs a fresh start.